 Dungeon Crawl Stone Soup version 0.30-a0-322-g102857c98e (webtiles) character file.

Game seed: 12553940240503235672

7642 lesbiats the Thaumaturge (level 10, -1/91 HPs)
             Began as a Purple Draconian Conjurer on Oct 28, 2022.
             Was a Follower of Ashenzari.
             Shot with an arrow by a centaur warrior (13 damage)
             ... on level 9 of the Dungeon.
             The game lasted 00:48:12 (10026 turns).

lesbiats the Thaumaturge (DrCj)                    Turns: 10026, Time: 00:48:12

Health: -1/91      AC:  8    Str: 14    XL:     10   Next: 99%
Magic:  30/32      EV: 19    Int: 25    God:    Ashenzari [*.....]
Gold:   281        SH:  0    Dex: 26    Spells: 13/28 levels left

rFire   . . .      SeeInvis .    D - +2 hammer "Venusao" {vorpal, Fly MP+9 Int+3}
rCold   . . .      Faith    .    (no shield)
rNeg    . . .      Spirit   .    (body armour unavailable)
rPois   .          Reflect  .    (helmet restricted)
rElec   .          Harm     .    (no cloak)
rCorr   .          Rampage  .    q - +0 pair of gloves of the Fated Shame {Drain Str+4 Dex+10 Slay+2, Elem, Comp} (curse)
Will    ++...                    (no boots)
Stlth   +++.......               (no amulet)
HPRegen 0.35/turn                h - ring of the Fated Shame {Dex+6, Cun, Self} (curse)
MPRegen 0.23/turn                m - ring of willpower

@: about to teleport, flying
A: breathe power, AC +7, unfitting armour, cold-blooded
a: Breathe Dispelling Energy, Renounce Religion, Shatter the Chains


You were on level 9 of the Dungeon.
You worshipped Ashenzari.
Ashenzari was aware of your devotion.
You visited 2 branches of the dungeon, and saw 10 of its levels.

You collected 492 gold pieces.
You spent 211 gold pieces at shops.

Inventory:

Hand Weapons
 D - the +2 hammer "Venusao" (weapon) {vorpal, Fly MP+9 Int+3}
   (You found it on level 5 of the Dungeon)

   It inflicts extra damage upon your enemies.
   Int:       It affects your intelligence (+3).
   MP:        It affects your magic capacity (+9).
   Fly:       It grants you flight.
Missiles
 g - 3 poisoned darts
 G - a throwing net
Armour
 q - the cursed +0 pair of gloves of the Fated Shame (worn) {Drain Str+4 Dex+10 Slay+2, Elem, Comp}
   (You found it on level 2 of the Dungeon)

   Str:       It affects your strength (+4).
   Dex:       It affects your dexterity (+10).
   Slay:      It affects your accuracy & damage with ranged weapons and melee
   (+2).
   Drain:     It drains your maximum health when unequipped.
   It has a curse which improves the following skills: Elements: Fire Magic, Ice
   Magic, Air Magic and Earth Magic.
   Companions: Summonings and Necromancy.
Jewellery
 h - the cursed ring of the Fated Shame (left hand) {Dex+6, Cun, Self}
   (You found it on level 1 of the Dungeon)

   [ring of dexterity]

   Dex:       It affects your dexterity (+6).
   It has a curse which improves the following skills: Cunning: Dodging and
   Stealth.
   Introspection: Fighting and Spellcasting.
 m - a ring of willpower (right hand)
 s - a ring of positive energy
 t - a +6 ring of dexterity
 J - a +6 ring of intelligence
 K - a ring of resist corrosion
Wands
 f - a wand of digging (5)
 r - a wand of paralysis (12)
 x - a wand of roots (11)
 C - a wand of quicksilver (7)
 F - a wand of flame (36)
 I - a wand of polymorph (12)
Scrolls
 b - a scroll of summoning
 d - a scroll of blinking
 i - 3 scrolls of teleportation
 j - 2 scrolls of magic mapping
 k - a scroll of vulnerability
 l - 2 scrolls of amnesia
 o - a scroll of immolation
 u - 3 scrolls of noise
 w - a scroll of enchant armour
 y - 3 scrolls of enchant weapon
 H - a scroll of butterflies
 L - 5 scrolls of identify
 N - a scroll of fear
Potions
 a - a potion of magic
 c - a potion of berserk rage
 e - 3 potions of lignification
 n - 2 potions of attraction
 p - 3 potions of might
 v - a potion of brilliance
 z - a potion of haste
 A - a potion of flight
 B - a potion of mutation
 E - a potion of invisibility
 M - a potion of heal wounds
Miscellaneous
 O - a piece from Xom's chessboard (15/15)


   Skills:
 + Level 8.2(9.0) Fighting
 + Level 6.7(7.6) Dodging
 - Level 1.7(2.4) Stealth
 + Level 8.6(9.5) Spellcasting
 - Level 8.5 Conjurations
 - Level 4.0 Hexes
 + Level 3.7(4.5) Fire Magic
 + Level 6.6 Evocations


You had 13 spell levels left.
You knew the following spells:

 Your Spells              Type           Power      Damage    Failure   Level
a - Magic Dart            Conj           100%       1d8       1%          1
b - Searing Ray           Conj           100%       2d8       1%          2
c - Fulminant Prism       Conj/Hex       21%        3d13      4%          4
d - Iskenderun's Mystic   Conj/Tloc      33%        2d8       9%          4
e - Sticky Flame          Conj/Fire      44%        2d6       3%          4

Your spell library contained the following spells:

 Spells                   Type           Power      Damage    Failure   Level
 Dazzling Flash           Conj/Hex       86%        N/A       1%          3
 Mephitic Cloud           Conj/Pois/Air  26%        N/A       4%          3
 Beastly Appendage        Tmut           22%        N/A       5%          1
 Call Imp                 Summ           12%        N/A       8%          2
 Cigotuvi's Dreadful Rot  Necr/Pois/Air  24%        N/A       8%          2
 Poisonous Vapours        Pois/Air       24%        N/A       8%          2
 Wereblood                Tmut           11%        N/A       8%          2
 Ignite Poison            Fire/Tmut/Pois 19%        N/A       9%          3
 Spider Form              Tmut/Pois      11%        N/A       16%         3
 Freezing Cloud           Conj/Ice/Air   13%        6-21      41%         5
 Simulacrum               Ice/Necr       6%         N/A       100%        6
 Ignition                 Fire           17%        3d7       100%        8
 Polar Vortex             Ice            6%         N/A       100%        9


Dungeon Overview and Level Annotations

Branches:
Dungeon (9/15)             Temple (1/1) D:5             Orc (0/2) D:9
   Lair: D:8-11

Altars:
Ashenzari
Cheibriados
Dithmenos
Elyvilon
Fedhas
Gozag
Hepliaklqana
Kikubaaqudgha
Makhleb
Nemelex Xobeh
Okawaru
Qazlal
Ru
Sif Muna
Trog
Uskayaw
Vehumet
Wu Jian
Xom
Yredelemnul
Zin
The Shining One

Shops:
D:2 *(   D:8 *


Innate Abilities, Weirdness & Mutations

You can breathe bolts of dispelling energy.
Your rich purple scales are hard. (AC +7)
You cannot fit into any form of body armour.
You are cold-blooded and may be slowed by cold attacks.


Message History

You conjure a prism of explosive energy!
A fulminant prism comes into view.
The centaur warrior shouts!
The centaur warrior wields a +0 shortbow.
The centaur warrior shoots an arrow.
The arrow hits your fulminant prism!!
Your fulminant prism detonates feebly.
A cyclops comes into view.
The centaur warrior shoots an arrow.
The arrow hits you!
The centaur warrior shoots an arrow.
The arrow hits you!
The cyclops shouts!
The centaur warrior attacks as you move away!
The centaur warrior unwields a +0 shortbow.
The centaur warrior hits you but does no damage.
The centaur warrior kicks you but does no damage.
The centaur warrior wields a +0 shortbow.
The centaur warrior shoots an arrow.
The arrow hits you.
Casting: Fulminant Prism (dangerous; 4% risk of failure)
Confirm with . or Enter, or press ? or * to list all spells.
You erupt in a blast of force!
The mystic blast hits the centaur warrior!
The centaur warrior is lightly wounded.
The centaur warrior is knocked back by the mystic blast.
The centaur warrior shoots an arrow.
The arrow misses you.
The centaur warrior shoots an arrow.
The arrow hits you!!
The centaur warrior shoots an arrow.
The arrow hits you!!
The cyclops throws a large rock.
The large rock closely misses you.
The centaur warrior shoots an arrow.
The arrow completely misses you.
The centaur warrior shoots an arrow.
The arrow hits you!
* * * LOW HITPOINT WARNING * * *
Okay, then.
Blink to where?
Press: ? - help, Dir - move target
As you read the scroll of blinking, it crumbles to dust.
The centaur warrior shoots an arrow.
The arrow hits you!
* * * LOW HITPOINT WARNING * * *
Okay, then.
As you read the scroll of teleportation, it crumbles to dust.
You feel strangely unstable.
The centaur warrior shoots an arrow.
The arrow hits you!
You die...

##....).................<.....
##.......#####...#####.........
##..[.....# #...# #.........
#.[[[.....# #...# #.......>.
##<[......# #...# #.........
##[......#####...#####.........
##............................
##.....................>.^...
##.........@................
##.........................
#######...........#####...
#...........# #####
#...........# #....
...#.......c...# #.###
....#...#####...####...# ...
#...# #..........# ####
###'####### #........###


You could see a centaur warrior.

Vanquished Creatures
  A two-headed ogre (D:9)
  Pikel (D:5)
  Maggie (D:8)
  A troll (D:9)
  Grinder (D:5)
  Prince Ribbit (D:5)
  A wraith (D:9)
  A wyvern (D:8)
  A vampire (D:8)
  6 yaks
  A water moccasin (D:7)
  An orc warrior (D:8)
  4 black bears
  3 ice beasts
  2 sky beasts
  A centaur (D:9)
  A phantom (D:9)
  4 lemures (D:5)
  2 bullfrogs (D:7)
  2 gnoll sergeants
  3 necrophages
  8 scorpions
  9 wights (D:9)
  15 killer bees
  A troll zombie (D:9)
  3 howler monkeys (D:8)
  3 orc priests
  4 hounds
  Crazy Yiuf (D:5)
  3 gnoll boudas
  3 jellies
  2 orc wizards
  2 iguanas
  7 ogre zombies (D:9)
  23 gnolls
  6 adders
  A shadow imp (D:8)
  3 white imps
  A worm (D:3)
  A dart slug (D:2)
  19 orcs
  8 ball pythons
  6 bats
  7 endoplasms
  9 giant cockroaches
  5 hobgoblins
  3 jackals
  3 quokkas
  3 frilled lizards
  9 goblins
  2 goblin skeletons (D:9)
  A hobgoblin skeleton (D:9)
  3 hobgoblin zombies (D:9)
  5 kobolds
  3 orc skeletons (D:9)
  16 orc zombies (D:9)
  6 rats
  2 butterflies (D:6)
245 creatures vanquished.

Vanquished Creatures (others)
  41 fulminant prisms
  2 fungi (D:5)
43 creatures vanquished.

Grand Total: 288 creatures vanquished

Notes
Turn   | Place    | Note
-------+----------+-------------------------------------------
     0 | D:1      | lesbiats the Draconian Conjurer began the quest for the
                  | Orb.
     0 | D:1      | Reached XP level 1. HP: 14/14 MP: 3/3
   248 | D:1      | Reached XP level 2. HP: 21/22 MP: 0/5
   340 | D:1      | Reached skill level 1 in Fighting
   435 | D:1      | Learned a level 2 spell: Searing Ray
   596 | D:1      | Reached XP level 3. HP: 28/28 MP: 6/6
  1093 | D:2      | Reached XP level 4. HP: 36/36 MP: 3/7
  1314 | D:2      | Found Iforekle's Assorted Antiques.
  1389 | D:2      | Reached skill level 5 in Conjurations
  1680 | D:2      | Found Jeux's Weapon Emporium.
  1860 | D:2      | Identified the +0 pair of gloves of Moral Flaws {Drain
                  | Str+4 Dex+10 Slay+2}
  2285 | D:3      | Reached XP level 5. HP: 42/42 MP: 4/9
  3103 | D:4      | Noticed a black bear
  3109 | D:4      | Killed a black bear
  3110 | D:4      | Reached XP level 6. HP: 51/51 MP: 2/10
  3452 | D:4      | Found a bloodstained altar of Trog.
  3676 | D:5      | Entered Level 5 of the Dungeon
  3820 | D:5      | Noticed Grinder
  3826 | D:5      | Killed Grinder
  3827 | D:5      | Your scales start taking on a rich purple colour.
  3827 | D:5      | Reached XP level 7. HP: 52/58 MP: 2/14
  3918 | D:5      | Learned a level 4 spell: Fulminant Prism
  4022 | D:5      | Reached skill level 1 in Hexes
  4089 | D:5      | Learned a level 4 spell: Iskenderun's Mystic Blast
  4151 | D:5      | Reached skill level 5 in Spellcasting
  4208 | D:5      | Noticed Prince Ribbit
  4218 | D:5      | Killed Prince Ribbit
  4219 | D:5      | Reached XP level 8. HP: 10/67 MP: 7/15
  4470 | D:5      | Noticed Pikel
  4540 | D:5      | Found a staircase to the Ecumenical Temple.
  4570 | D:5      | Killed Pikel
  4571 | D:5      | Reached skill level 5 in Fighting
  4787 | Temple   | Entered the Ecumenical Temple
  4890 | Temple   | Became a worshipper of Ashenzari the Shackled
  5258 | D:5      | Found a runed translucent door.
  5259 | D:5      | Noticed Crazy Yiuf
  5266 | D:5      | Killed Crazy Yiuf
  5271 | D:5      | Identified the +2 hammer "Venusao" {vorpal, Fly MP+9 Int+3}
  5469 | D:6      | Found a runed translucent door.
  5471 | D:6      | Found a runed translucent door.
  5483 | D:6      | Reached XP level 9. HP: 52/74 MP: 17/18
  6253 | D:6      | Reached skill level 5 in Dodging
  6433 | D:2      | Bought a bone wand for 96 gold pieces
  7375 | D:8      | Found a radiant altar of Vehumet.
  7381 | D:8      | Found a stormy altar of Qazlal.
  7384 | D:8      | Found an ancient bone altar of Kikubaaqudgha.
  7387 | D:8      | Found a shimmering altar of Xom.
  7387 | D:8      | Found an ornate altar of the Wu Jian Council.
  7391 | D:8      | Found an iron altar of Okawaru.
  7395 | D:8      | Found an opulent altar of Gozag.
  7753 | D:8      | Noticed Maggie
  7771 | D:8      | Killed Maggie
  7841 | D:8      | Reached skill level 5 in Evocations
  7841 | D:8      | Reached XP level 10. HP: 83/86 MP: 21/21
  7854 | D:8      | Learned a level 4 spell: Sticky Flame
  8342 | D:8      | Reached skill level 1 in Fire Magic
  8469 | D:8      | Found Daddeop's General Store.
  8477 | D:8      | Bought a scroll of blinking for 75 gold pieces
  8477 | D:8      | Bought a scroll of fear for 40 gold pieces
  8542 | D:9      | Noticed a two-headed ogre
  9035 | D:9      | Killed a two-headed ogre
  9611 | D:9      | Found a staircase to the Orcish Mines.
  9937 | D:9      | Reached * piety under Ashenzari
 10000 | D:9      | Noticed a centaur warrior
 10002 | D:9      | Noticed a cyclops
 10026 | D:9      | Shot with an arrow by a centaur warrior

Illustrated notes

Levels and vault maps discovered:
D:1:      wander_arrival_peaceful_grave, layout_loops_ring,
          hangedman_abyss_or_decor_stabs, st_stairs_13
D:2:      layout_basic, serial_shops, nicolae_shop_hallway_stairs, shop_statue,
          minmay_split_cup_small
D:3:      layout_basic, grunt_decor_arrowhead
D:4:      layout_basic, lemuel_doored_altar, minmay_ruptured
D:5:      layout_loops_ring, minmay_temple_entry_junction_2,
          corexii_item_surrounded_by_moat, minmay_misc_feat_alley, uniq_grinder,
          uniq_crazy_yiuf_cottage, uniq_pikel, uniq_prince_ribbit1
D:6:      lemuel_insect_pit, layout_basic, st_stairs_13
D:7:      layout_rooms
D:8:      layout_basic, nicolae_overflow_hallway_of_the_gods, serial_shops,
          nicolae_shop_waterfront, ebering_dispersal_statue_hall,
          kennysheep_generic_room_5, uniq_maggie
D:9:      layout_big_octagon, zombieorc2_lemuel, enter_bailey_7,
          minmay_three_doors
Temple:   jpeg_temple_clearing

Skill      XL: |  1  2  3  4  5  6  7  8  9 10 |
---------------+-------------------------------+-----
Fighting       | 1 2 3 4 5 6 8 |  8.2
Conjurations   | 5 6 7 8 |  8.5
Spellcasting   | 3 4 5 6 7 8 |  8.6
Dodging        | 2 3 4 5 6 |  6.7
Hexes          | 1 3 4 |  4.0
Evocations     | 3 5 6 |  6.6
Fire Magic     | 3 |  3.7
Stealth        | |  1.7

Action                   |  1- 3 |  4- 6 |  7- 9 | 10-12 || total
-------------------------+-------+-------+-------+-------++-------
Melee: Unarmed           |     7 |       |       |       ||     7
       Mace              |    15 |       |    60 |    66 ||   141
       Tailslap          |     8 |     4 |    15 |    14 ||    41
       Punch             |     1 |       |     1 |     3 ||     5
       Flail             |    40 |    26 |    29 |       ||    95
 Cast: Magic Dart        |    34 |    74 |    92 |    61 ||   261
       Searing Ray       |       |     6 |    21 |     2 ||    29
       Fulminant Prism   |       |       |    10 |    31 ||    41
       Iskenderun's Myst |       |       |       |    10 ||    10
       Sticky Flame      |       |       |       |     3 ||     3
Invok: Curse Item        |       |       |     1 |     1 ||     2
 Abil: Breathe Dispellin |       |       |     6 |       ||     6
Evoke: Wand              |       |       |     1 |     3 ||     4
  Use: Scroll            |       |       |    11 |     3 ||    14
       Potion            |       |       |     4 |     2 ||     6
 Stab: Sleeping          |     3 |       |       |       ||     3
       Distracted        |       |       |     1 |       ||     1
Armor: Skin              |    55 |     9 |    47 |    23 ||   134
Dodge: Dodged            |    74 |    42 |   128 |   133 ||   377

Table legend: (Time is in decaauts)
 A = Elapsed time spent in this place.
 B = Non-inter-level travel time spent in this place.
 C = Inter-level travel time spent in this place.
 D = Time resting spent in this place.
 E = Time spent auto-exploring this place.
 F = Levels seen in this place.
 G = Mean time per level.
                   A        B        C        D        E       F      G
               +--------+--------+--------+--------+--------+-----+--------+
         Total |  10130 |   9396 |    734 |   3217 |   3991 |  10 | 1013.0 |
       Dungeon |  10004 |   9326 |    678 |   3217 |   3936 |   9 | 1111.6 |
        Temple |    126 |     70 |     56 |      0 |     55 |   1 |  126.0 |
               +--------+--------+--------+--------+--------+-----+--------+

Top non-repeatable levels by time:
     D:8: 1967 daAuts
     D:5: 1686 daAuts
     D:1: 1109 daAuts
     D:4: 1045 daAuts
     D:6: 975 daAuts
     D:2: 876 daAuts
     D:9: 804 daAuts
     D:3: 800 daAuts
     D:7: 738 daAuts
  Temple: 126 daAuts
